AoeStats
← SaulGoodman69

Arena

507193086Analyzed
4v4 RM · 13d ago on Sep 17, 2026· 64m 44s· 8 players
Game mode
Random Map
Map size
Large (8 player)
Population
200
Speed
Normal
Resources
Standard
Victory
Conquest
Starting age
Dark Age
Ending age
Imperial Age
RankedLock teamsTeams togetherTeam positionsShared explorationLock speedFull tech treeHidden civsTurbo modeCheats
Victory
Defeat
🇺🇸 Japanese · United States
1267
+13
🇦🇷 Britons · Argentina
1251
+13
🇨🇦 Vikings · Canada
1240
+14
🇨🇱 Persians · Chile
1172
+17
🇧🇷 Bohemians · Brazil
1286
-41
🇧🇷 Persians · Brazil
1210
-15
🇧🇷 Hindustanis · Brazil
1157
-13
🇧🇷 Romans · Brazil
1126
-12
Portel4
10:07 Feudal Age
14:51 Castle Age
13:34 Double-Bit Axe
15:50 Bow Saw
18:26 Horse Collar
21:56 Heavy Plow
22:42 Wheelbarrow
24:24 Hand Cart
24:41 Gold Mining
25:02 Stone Mining
29:26 Imperial Age
27:30 Scale Barding Armor
27:36 Forging
27:21 Loom
27:22 Town Watch
28:38 Chain Barding Armor
29:24 Ballistics
28:59 Fletching
29:47 Iron Casting
29:07 Cavalier
30:03 Bloodlines
29:58 Husbandry
30:52 Plate Barding Armor
31:55 Conscription
32:46 Savar
34:55 Crop Rotation
35:26 Two-Man Saw
35:23 Gold Shaft Mining
35:24 Stone Shaft Mining
36:40 Blast Furnace
36:32 Caravan
37:27 Citadels
42:31 Coinage
42:13 Guilds
44:10 Bodkin Arrow
45:17 Chemistry
47:45 Murder Holes
48:45 Guard Tower
50:49 Masonry
52:07 Light Cavalry
55:24 Hussar
GAX | Salomão
10:56 Feudal Age
14:33 Castle Age
14:24 Double-Bit Axe
19:01 Chemistry
19:06 Fervor
21:16 Horse Collar
24:05 Padded Archer Armor
29:36 Leather Archer Armor
32:26 Wheelbarrow
32:59 Heavy Plow
34:53 Hand Cart
34:26 Loom
34:26 Town Watch
36:03 Ballistics
39:28 Imperial Age
40:25 Siege Engineers
44:53 Masonry
44:39 Murder Holes
44:25 Treadmill Crane
44:38 Fletching
44:34 Houfnice
47:00 Capped Ram
50:24 Coinage
50:05 Guilds
50:28 Coinage
57:21 Elite Skirmisher
58:35 Caravan
59:17 Bodkin Arrow
60:55 Bracer
63:02 Ring Archer Armor
BRAZILBIKINI
10:51 Feudal Age
11:16 Loom
15:37 Castle Age
14:47 Double-Bit Axe
14:44 Horse Collar
17:42 Bow Saw
20:50 Gold Mining
21:08 Heavy Plow
26:56 Gold Shaft Mining
27:16 Wheelbarrow
29:35 Imperial Age
27:51 Bloodlines
27:49 Scale Barding Armor
29:36 Chain Barding Armor
29:30 Forging
29:35 Husbandry
30:05 Padded Archer Armor
30:37 Hand Cart
30:08 Town Watch
32:20 Chemistry
31:21 Murder Holes
31:36 Masonry
32:30 Town Patrol
32:24 Stone Mining
32:17 Heavy Camel Rider
34:11 Leather Archer Armor
36:55 Plate Barding Armor
36:58 Iron Casting
38:03 Fletching
38:46 Ring Archer Armor
38:35 Elite Skirmisher
39:12 Fletching
40:23 Blast Furnace
38:48 Light Cavalry
39:40 Caravan
40:44 Imperial Camel Rider
45:49 Grand Trunk Road
46:10 Conscription
47:33 Thumb Ring
47:54 Ballistics
48:52 Hussar
Jack Sparrow Nordestino
10:51 Feudal Age
15:13 Castle Age
15:07 Double-Bit Axe
15:04 Horse Collar
22:58 Wheelbarrow
22:53 Bow Saw
22:40 Gold Mining
23:22 Heavy Plow
25:11 Hand Cart
26:10 Loom
26:18 Town Watch
29:15 Imperial Age
27:34 Stone Mining
28:05 Scale Mail Armor
28:16 Forging
28:26 Murder Holes
28:52 Ballistics
29:07 Chain Mail Armor
28:45 Pikeman
29:26 Squires
28:48 Man-at-Arms
29:35 Long Swordsman
29:36 Halberdier
30:54 Iron Casting
30:49 Legionary
33:46 Blast Furnace
33:16 Capped Ram
37:09 Heavy Scorpion
39:03 Comitatenses
41:58 Siege Ram
44:52 Fletching
47:07 Chemistry
46:25 Masonry
48:17 Bodkin Arrow
48:37 Fortified Wall
49:59 Coinage
51:17 Guilds
51:47 Banking
Kryptonknight
11:28 Feudal Age
15:24 Castle Age
13:27 Double-Bit Axe
13:41 Horse Collar
18:00 Bow Saw
18:18 Heavy Plow
19:09 Loom
22:06 Wheelbarrow
21:18 Town Watch
23:56 Hand Cart
23:30 Loom
26:28 Gold Mining
29:50 Imperial Age
27:20 Fletching
27:30 Padded Archer Armor
28:56 Bodkin Arrow
29:24 Ballistics
29:30 Leather Archer Armor
29:11 Stone Mining
29:57 Gold Shaft Mining
30:16 Thumb Ring
29:33 Crossbowman
31:40 Two-Man Saw
30:43 Bracer
30:33 Arbalester
30:58 Pikeman
31:39 Squires
32:53 Town Patrol
33:16 Scale Mail Armor
34:22 Chemistry
34:32 Kataparuto
34:09 Halberdier
35:44 Chain Mail Armor
35:39 Forging
36:00 Ring Archer Armor
36:00 Conscription
35:40 Yasama
38:17 Iron Casting
38:12 Plate Mail Armor
37:58 Murder Holes
37:49 Arrowslits
38:43 Masonry
38:53 Yasama
39:07 Guard Tower
41:15 Siege Engineers
42:20 Keep
43:42 Blast Furnace
48:01 Elite Skirmisher
51:04 Hoardings
A Pwacho
10:35 Feudal Age
14:49 Castle Age
13:23 Double-Bit Axe
13:47 Horse Collar
19:55 Bow Saw
20:21 Heavy Plow
21:05 Gold Mining
21:07 Stone Mining
24:35 Gold Shaft Mining
24:34 Pikeman
26:13 Padded Archer Armor
26:03 Fletching
27:28 Ballistics
27:02 Arson
27:20 Squires
27:17 Elite Skirmisher
30:57 Imperial Age
28:07 Man-at-Arms
29:26 Long Swordsman
29:51 Gambesons
30:12 Scale Mail Armor
30:22 Forging
32:17 Conscription
33:03 Chemistry
32:33 Chain Mail Armor
32:14 Bodkin Arrow
32:42 Two-Handed Swordsman
35:02 Iron Casting
34:06 Capped Ram
35:42 Plate Mail Armor
35:49 Chieftains
35:30 Champion
36:22 Loom
36:26 Town Watch
36:25 Siege Ram
39:18 Elite Berserk
44:41 Bracer
44:57 Leather Archer Armor
45:42 Blast Furnace
45:14 Heavy Scorpion
47:12 Ring Archer Armor
48:52 Siege Engineers
58:24 Caravan
seba_aof
11:51 Feudal Age
15:41 Castle Age
14:09 Double-Bit Axe
14:27 Horse Collar
19:28 Heavy Plow
23:37 Gold Mining
25:35 Loom
26:26 Wheelbarrow
26:43 Fletching
29:11 Wheelbarrow
29:50 Bow Saw
30:09 Bodkin Arrow
30:54 Padded Archer Armor
32:39 Leather Archer Armor
35:51 Hand Cart
35:22 Town Watch
36:11 Town Watch
38:19 Ballistics
41:57 Imperial Age
39:59 Masonry
42:43 Bracer
43:49 Conscription
49:10 Two-Man Saw
56:33 Pikeman
57:14 Squires
59:42 Caravan
60:13 Elite Skirmisher
63:28 Ring Archer Armor
63:28 Scale Mail Armor
SaulGoodman69
9:47 Feudal Age
11:53 Wheelbarrow
13:28 Horse Collar
13:35 Double-Bit Axe
17:37 Castle Age
18:56 Hand Cart
18:45 Husbandry
19:08 Heavy Plow
19:20 Bow Saw
19:52 Loom
26:18 Forging
26:08 Scale Mail Armor
28:03 Scale Mail Armor
28:09 Scale Barding Armor
33:43 Imperial Age
31:39 Bloodlines
33:48 Cavalier
35:28 Chain Mail Armor
35:48 Iron Casting
35:33 Chain Barding Armor
35:04 Fletching
35:14 Padded Archer Armor
36:14 Conscription
35:49 Savar
36:20 Heavy Camel Rider
38:45 Light Cavalry
42:15 Blast Furnace
41:45 Plate Mail Armor
42:24 Hussar
51:56 Chain Barding Armor
63:41 Caravan
65:06 Gold Mining
65:06 Stone Mining
65:51 Coinage
Connection lost

Rejoining the realm…

Still unreachable

The connection could not be restored.

Session expired

The server has moved on; the page needs a fresh start.